 Dungeon Crawl Stone Soup version 0.20-a0-893-g832831a (webtiles) character file.

67 dvd the Firebug (level 3, -1/19 HPs)
             Began as a Deep Elf Fire Elementalist on Mar 16, 2017.
             Killed from afar by Yehuk's ghost (5 damage)
             ... with a magic dart
             ... on level 3 of the Dungeon.
             The game lasted 00:05:29 (2572 turns).

dvd the Firebug (Deep Elf Fire Elementalist)        Turns: 2572, Time: 00:05:30

Health: -1/19      AC:  3    Str:  5    XL:     3   Next: 98%
Magic:  10/10      EV: 13    Int: 20    God:
Gold:   85         SH:  0    Dex: 15    Spells: 6/9 levels left

rFire    . . .     SeeInvis .   (no weapon)
rCold    . . .     Gourm    .   a - +0 robe
rNeg     . . .     Faith    .   (no shield)
rPois    .         Spirit   .   (no helmet)
rElec    .         Reflect  .   (no cloak)
rCorr    .         Harm     .   (no gloves)
MR       .....                  l - +0 pair of boots
Stlth    ++........             (no amulet)
Regen    0.1/turn               (no ring)
MPRegen  0.2/turn               (no ring)

@: no status effects
A: no striking features
a: no special abilities


You were on level 3 of the Dungeon.
You were not hungry.

You visited 1 branch of the dungeon, and saw 3 of its levels.

You collected 85 gold pieces.

Inventory:

Hand Weapons
 j - a cursed -1 short sword
Armour
 a - a +0 robe (worn)
 l - a +0 pair of boots (worn)
Scrolls
 e - 3 scrolls of identify {unknown}
 f - 4 scrolls of teleportation {unknown}
 g - a scroll of amnesia {unknown}
 h - a scroll of fog {unknown}
 k - 4 scrolls of remove curse {unknown}
 q - a scroll of noise {unknown}
 t - 2 scrolls of recharging {unknown}
Potions
 d - 2 potions of mutation {unknown}
 i - 2 potions of flight {unknown}
 m - a potion of lignification {unknown}
 n - a potion of curing {unknown}
 p - a potion of haste {unknown}
 s - a potion of invisibility {unknown}
Books
 b - a book of Flames

   Spells                             Type                      Level
   a - Flame Tongue                   Conjuration/Fire             1
   b - Throw Flame                    Conjuration/Fire             2
   c - Conjure Flame                  Conjuration/Fire             3
   d - Inner Flame                    Hexes/Fire                   3
   e - Sticky Flame                   Conjuration/Fire             4
   f - Fireball                       Conjuration/Fire             5
Comestibles
 c - 4 bread rations
 o - a fruit
 r - 3 chunks of flesh


   Skills:
 + Level 2.8 Dodging
 + Level 2.7 Stealth
 + Level 3.7 Spellcasting
 + Level 1.8 Conjurations
 + Level 4.4 Fire Magic


You had 6 spell levels left.
You knew the following spells:

 Your Spells              Type           Power        Failure   Level  Hunger
a - Flame Tongue          Conj/Fire      ###..        3%          1    None
b - Throw Flame           Conj/Fire      ###...       6%          2    ##.....


Dungeon Overview and Level Annotations

Branches:
Dungeon (3/15)

Altars:
Ashenzari
Fedhas
Nemelex Xobeh
Okawaru
Uskayaw
Wu Jian

Annotations:
D:3 Yehuk's ghost, amateur OpWz


Message History

Aiming: Flame Tongue
Press: ? - help, Shift-Dir - straight line, f - giant cockroach
Aim: a giant cockroach (clinging)
The flame tongue hits the giant cockroach.
You kill the giant cockroach!
Yehuk's ghost wails.
Found a green potion.
Yehuk's ghost stares at you and mumbles some strange words.
The magic dart hits you!
Yehuk's ghost stares at you and mumbles some strange words.
The magic dart hits you!
Ouch! That really hurt!
* * * LOW HITPOINT WARNING * * *
A leopard gecko comes into view.
The leopard gecko hisses angrily.
The leopard gecko moves out of view.
The hobgoblin shouts!
Yehuk's ghost stares at you and mumbles some strange words.
The magic dart hits you!
You die...

...'..#.#.##....###.#..#
#...#.#
...##.#.#.##........#..#
#<..#.#
...##.#.#.##.....W..# .#
#####.#
#####.#.#.##........# .#
#.#
#####.#.#.##........####.
#.#
..........................
#.#
.....[................##.#
#.#
♣.♣...................#
#.# ♣
♣.............@.....# #.#
♣.................!... #..
♣.............>.....###
### ♣
♣........g♣.♣.......# ♣
♣........l............
.### . ...♣.♣.......##
.... . ... .........#
##### . .. ♣ ♣........
..... . ####


You could see Yehuk's ghost, a leopard gecko and a hobgoblin.

Vanquished Creatures
  An adder (D:2)
  An ooze (D:1)
  A worm (D:3)
  A dart slug (D:1)
  A leopard gecko (D:1)
  6 bats
  6 giant cockroaches
  5 goblins
  5 hobgoblins
  5 kobolds (D:1)
  2 quokkas (D:2)
  A ball python (D:3)
  5 frilled lizards
  6 rats
46 creatures vanquished.

Notes
Turn   | Place    | Note
-------+----------+-------------------------------------------
     0 | D:1      | dvd the Deep Elf Fire Elementalist began the quest for the Orb.
     0 | D:1      | Reached XP level 1. HP: 10/10 MP: 6/6
   270 | D:1      | Reached XP level 2. HP: 15/15 MP: 2/8
   357 | D:1      | Learned a level 2 spell: Throw Flame
   637 | D:1      | Reached skill level 4 in Fire Magic
   650 | D:1      | Found a shattered altar of Ashenzari.
   720 | D:1      | Reached XP level 3. HP: 19/19 MP: 7/9
  1171 | D:2      | Found an iron altar of Okawaru.
  1958 | D:2      | Found an ornate altar of the Wu Jian Council.
  2052 | D:3      | Found a sparkling altar of Nemelex Xobeh.
  2052 | D:3      | Found a blossoming altar of Fedhas.
  2055 | D:3      | Noticed Yehuk's ghost (amateur OpWz)
  2382 | D:3      | Found a hide-covered altar of Uskayaw.
  2572 | D:3      | Killed from afar by Yehuk's ghost

Vault maps used:
D:1:      lemuel_arrival_river_bridge, ashenzari_altar_1
D:2:      marbit_many_paths, okawaru_ov_weapons_minmay
D:3:      nicolae_overflow_hidden_temple, grunt_temple_overflow_open,
          serial_forest, infiniplex_forest_straight_2,
          infiniplex_forest_clump_double, infiniplex_forest_lined_room_2,
          infiniplex_forest_clump_long, infiniplex_forest_lined_1,
          infiniplex_forest_clump_tiny, infiniplex_forest_clump_small,
          first_bread, cheibrodos_gnoll_hut

Skill      XL: |  1  2 |
---------------+-------+-----
Fire Magic     | 4 |  4.4
Dodging        | |  2.8
Stealth        | |  2.7
Spellcasting   | |  3.7
Conjurations   | |  1.8

Action                   || total
-------------------------++-------
 Cast: Flame Tongue      ||    48
       Throw Flame       ||    29
  Eat: Chunk             ||     6
Armor: Robe              ||     6
Dodge: Dodged            ||    16
